 Dungeon Sprint DCSS version 0.21.2 (webtiles) character file.

5320 Fang the Severer (level 10, 0/74 HPs)
             Began as a Gargoyle Berserker on Oct 16, 2018.
             Was the Champion of Trog.
             Slain by an orc warrior
             ... wielding a cursed -3 war axe
             ... led by Saint Roka
              (2 damage)
             ... in the Dungeon (Sprint VII: "The Pits").
             The game lasted 00:03:33 (2019 turns).

Fang the Severer (Gargoyle Berserker)               Turns: 2019, Time: 00:03:34

Health: 0/74       AC: 26    Str: 24    XL:     10   Next: 64%
Magic:  10/10      EV:  9    Int: 11    God:    Trog [******]
Gold:   0          SH:  0    Dex:  9    Spells: 9/9 levels left

rFire    . . .     SeeInvis .   o - +6 battleaxe (drain)
rCold    . . .     Gourm    .   (shield currently unavailable)
rNeg     + . .     Faith    .   n - +2 plate armour
rPois    ∞         Spirit   .   (no helmet)
rElec    +         Reflect  .   (no cloak)
rCorr    .         Harm     .   (no gloves)
MR       .....     NoTele   +   (no boots)
Stlth    ..........             (no amulet)
HPRegen  0.22/turn              q - +3 ring of protection
MPRegen  0.12/turn              t - +3 ring of intelligence

@: berserk cooldown, slowed, very slow
A: negative energy resistance 1, electricity resistance, unbreathing,
petrification resistance, rot immunity, AC +7
a: Berserk, Trog's Hand, Brothers in Arms, Burn Spellbooks, Renounce Religion


You were in the Dungeon.
You worshipped Trog.
Trog was exalted by your worship.
You were very hungry.

You visited 1 branch

Inventory:

Hand Weapons
 b - a +1 antimagic hand axe
 m - a +1 hand axe of freezing
 o - a +6 battleaxe of draining (weapon)
 v - a +2 war axe of chopping
Armour
 n - a +2 plate armour (worn)
Jewellery
 q - a +3 ring of protection (left hand)
 t - a +3 ring of intelligence (right hand)
Scrolls
 i - a scroll of blinking
 k - 3 scrolls of remove curse
 l - a scroll of summoning
Potions
 a - 2 potions of invisibility
 d - 6 potions of curing
 e - 9 potions of heal wounds
 f - a potion of haste
 g - 4 potions of magic
 h - 3 potions of berserk rage
 p - a potion of lignification {unknown}
 r - a potion of brilliance
 s - 3 potions of might
 u - a potion of resistance
Comestibles
 c - 8 rations


   Skills:
 + Level 13.7 Fighting
 + Level 16.2 Axes
 + Level 10.3 Armour
 + Level 5.5 Dodging
 + Level 1.3 Stealth


You had 9 spell levels left.
You didn't know any spells.

Dungeon Overview and Level Annotations

Branches:
Dungeon (1/1)

Altars:
Ashenzari
Cheibriados
Dithmenos
Elyvilon
Fedhas
Gozag
Hepliaklqana
Kikubaaqudgha
Makhleb
Nemelex Xobeh
Okawaru
Qazlal
Ru
Sif Muna
Trog
Uskayaw
Vehumet
Wu Jian
Xom
Yredelemnul
Zin
The Shining One
Beogh
Jiyva
Lugonu

Annotations:
D Saint Roka


Innate Abilities, Weirdness & Mutations

You are resistant to torment.
Your stone body is resilient. (AC +7)
You are immune to poison.
You resist negative energy. (rN+)
You are resistant to electric shocks. (rElec)
You can survive without breathing.
You are immune to petrification.
You are immune to rotting.


Message History

Your cyclops hits the orc warrior!!!
The orc warrior dies!
Trog accepts your kill.
Saint Roka mumbles some strange prayers to Beogh against you.
Beogh smites you!
* * * LOW HITPOINT WARNING * * *
Your cyclops barely misses the orc warrior.
Saint Roka invokes the aid of Beogh against you.
Beogh smites you!
* * * LOW HITPOINT WARNING * * *
An elephant comes into view.
Your cyclops barely misses the orc warrior.
Unknown command.
A phantasmal warrior comes into view.
Your cyclops hits the orc!!!
The orc dies!
Trog accepts your kill.
The ogre hits your cyclops with a giant club!!
The orc warrior hits you with a war axe.
You die...

......##......#...'..oo#
......##....###...###Oo.#
..<...##...##.')Wo'.## .
......##..##..##)##..##..
......##..#..##.Oo##..'.
......##..#).#).C..#..#
########..'..').)..)..+
########.)#..#).o.Y#..#
.#..[[##..#..##.@.##..+
.#..[[##..##..##)## .##
.'..))##..÷##.'...+ ##
.#!.))##....###...#
.#..))##......#...+
###################


You could see Saint Roka, an elephant, a phantasmal warrior, an orc warrior, an
ogre, an orc and a friendly cyclops (berserk).

Vanquished Creatures
  A death knight (D)
  A sea snake (D)
  An orc knight (D)
  An orc sorcerer (D)
  A manticore (D)
  A komodo dragon (D)
  An efreet (D)
  A guardian mummy (D)
  A jumping spider (D)
  A tyrant leech (D)
  A water moccasin (D)
  A floating eye (D)
  A swamp drake (D)
  An ice beast (D)
  2 orc warriors (D)
  A wolf (D)
  A bullfrog (D)
  A scorpion (D)
  An iron imp (D)
  A hound (D)
  4 orc priests (D)
  A gnoll shaman (D)
  An orc wizard (D)
  An adder (D)
  4 gnolls (D)
  An ufetubus (D)
  2 oozes (D)
  An adder skeleton (D)
  10 orcs (D)
  A goblin (D)
  2 jackals (D)
  A quokka (D)
  A leopard gecko skeleton (D)
  3 rats (D)
54 creatures vanquished.

Vanquished Creatures (collateral kills)
  An orc sorcerer (D)
  A molten gargoyle (D)
  Grinder (D)
  A tarantella (D)
  A warg (D)
  An orc warrior (D)
  An orc (D)
7 creatures vanquished.

Grand Total: 61 creatures vanquished

Notes
Turn   | Place    | Note
-------+----------+-------------------------------------------
     0 | D        | Fang the Gargoyle Berserker began the quest for the Orb.
     0 | D        | Reached XP level 1. HP: 14/14 MP: 1/1
    18 | D        | Reached skill level 3 in Axes
   118 | D        | Found a bloodstained altar of Trog.
   118 | D        | Found a deep blue altar of Sif Muna.
   118 | D        | Found a viscous altar of Jiyva.
   118 | D        | Found a hazy altar of Hepliaklqana.
   118 | D        | Found an opulent altar of Gozag.
   119 | D        | Found a glowing golden altar of the Shining One.
   119 | D        | Found a glowing silver altar of Zin.
   119 | D        | Found a basalt altar of Yredelemnul.
   119 | D        | Found a shimmering altar of Xom.
   119 | D        | Found an ornate altar of the Wu Jian Council.
   119 | D        | Found a sacrificial altar of Ru.
   119 | D        | Found a stormy altar of Qazlal.
   119 | D        | Found an iron altar of Okawaru.
   119 | D        | Found a sparkling altar of Nemelex Xobeh.
   119 | D        | Found a burning altar of Makhleb.
   119 | D        | Found a blossoming altar of Fedhas.
   119 | D        | Found a white marble altar of Elyvilon.
   119 | D        | Found a shadowy altar of Dithmenos.
   119 | D        | Found a snail-covered altar of Cheibriados.
   176 | D        | Found a radiant altar of Vehumet.
   176 | D        | Found a corrupted altar of Lugonu.
   176 | D        | Found a roughly hewn altar of Beogh.
   220 | D        | Reached ** piety under Trog
   220 | D        | Reached XP level 2. HP: 20/20 MP: 2/2
   224 | D        | Noticed a floating eye
   231 | D        | Paralysed by a floating eye for 3 turns
   235 | D        | Killed a floating eye
   235 | D        | Reached skill level 6 in Axes
   235 | D        | Reached XP level 3. HP: 28/28 MP: 3/3
   235 | D        | Reached XP level 4. HP: 32/32 MP: 4/4
   300 | D        | Reached *** piety under Trog
   300 | D        | Received a gift from Trog
   300 | D        | Reached XP level 5. HP: 38/38 MP: 5/5
   303 | D        | Reached skill level 7 in Axes
   434 | D        | Reached **** piety under Trog
   434 | D        | Reached skill level 8 in Axes
   434 | D        | Reached XP level 6. HP: 45/45 MP: 6/6
   442 | D        | Reached ***** piety under Trog
   445 | D        | Reached skill level 9 in Axes
   583 | D        | Noticed a water moccasin
   590 | D        | Killed a water moccasin
   590 | D        | Reached XP level 7. HP: 48/52 MP: 7/7
   623 | D        | Reached skill level 10 in Fighting
   623 | D        | Reached skill level 10 in Axes
   647 | D        | Reached skill level 5 in Armour
   698 | D        | Noticed Grinder
   698 | D        | Noticed a tarantella
   698 | D        | Noticed an orc sorcerer
   708 | D        | Noticed a soul eater
   711 | D        | Killed a tarantella
   712 | D        | Killed Grinder
   712 | D        | Received a gift from Trog
   712 | D        | Reached skill level 11 in Axes
   713 | D        | Killed an orc sorcerer
   713 | D        | Reached XP level 8. HP: 30/60 MP: 8/8
   927 | D        | Found a hide-covered altar of Uskayaw.
   927 | D        | Found an ancient bone altar of Kikubaaqudgha.
   927 | D        | Found a shattered altar of Ashenzari.
   966 | D        | Noticed a molten gargoyle
   972 | D        | Killed a molten gargoyle
   972 | D        | Reached skill level 12 in Axes
   972 | D        | Reached skill level 5 in Dodging
  1223 | D        | Noticed a sea snake
  1244 | D        | Killed a sea snake
  1244 | D        | Reached skill level 13 in Axes
  1244 | D        | Reached XP level 9. HP: 18/65 MP: 9/9
  1486 | D        | Noticed a death knight
  1486 | D        | Noticed a guardian mummy
  1490 | D        | Killed a guardian mummy
  1490 | D        | Received a gift from Trog
  1492 | D        | Killed a death knight
  1492 | D        | Reached skill level 14 in Axes
  1613 | D        | Noticed an orc knight
  1624 | D        | Killed an orc knight
  1742 | D        | Reached ****** piety under Trog
  1748 | D        | Reached XP level 10. HP: 49/72 MP: 10/10
  1861 | D        | Received a gift from Trog
  1861 | D        | Reached skill level 15 in Axes
  1909 | D        | Noticed a manticore
  1919 | D        | Killed a manticore
  1919 | D        | Reached skill level 1 in Stealth
  1928 | D        | Reached skill level 10 in Armour
  1984 | D        | Noticed Saint Roka
  1984 | D        | Noticed an orc sorcerer
  1998 | D        | Killed an orc sorcerer
  1998 | D        | Reached skill level 16 in Axes
  2001 | D        | Received a gift from Trog
  2017 | D        | HP: 1/74 [Saint Roka/divine providence (12)]
  2018 | D        | Noticed an elephant
  2019 | D        | Noticed a phantasmal warrior
  2019 | D        | Slain by an orc warrior

Skill      XL: |  1  2  3  4  5  6  7  8  9 10 |
---------------+-------------------------------+-----
Axes           | 3 6 8 9 11 13 14 16 | 16.2
Fighting       | 4 6 7 8 9 11 12 13 | 13.7
Armour         | 3 4 5 7 9 10 | 10.3
Dodging        | 2 3 4 5 |  5.5
Stealth        | 1 |  1.3

Action                   |  1- 3 |  4- 6 |  7- 9 | 10-12 || total
-------------------------+-------+-------+-------+-------++-------
Melee: Hand axe          |    19 |    37 |    32 |       ||    88
       Battleaxe         |       |       |    53 |    36 ||    89
Invok: Berserk           |     1 |     2 |     2 |     2 ||     7
       Brothers in Arms  |       |       |     2 |     1 ||     3
  Use: Potion            |       |       |       |     1 ||     1
  Eat: Chunk             |       |     2 |     3 |     2 ||     7
       Ration            |       |       |     1 |       ||     1
Armor: Animal skin       |     4 |     3 |       |       ||     7
       Plate armour      |       |    18 |    58 |    19 ||    95
Dodge: Dodged            |    22 |    18 |    26 |    14 ||    80
